 Dungeon Crawl Stone Soup version 0.22.1 (webtiles) character file.

57 Korosensei the Sneak (level 4, -1/29 HPs)
             Began as an Octopode Assassin on Sept 18, 2018.
             Slain by a ball python (2 damage)
             ... on level 3 of the Dungeon.
             The game lasted 00:02:08 (1172 turns).

Korosensei the Sneak (Octopode Assassin)            Turns: 1172, Time: 00:02:08

Health: -1/29      AC:  1    Str: 10    XL:     4   Next: 0%
Magic:  4/4        EV: 12    Int: 13    God:
Gold:   45         SH:  0    Dex: 14    Spells: 3/3 levels left

rFire    . . .     SeeInvis .   a - +2 dagger
rCold    . . .     Gourm    .   (no shield)
rNeg     . . .     Faith    .   (helmet restricted)
rPois    .         Spirit   .   (no amulet)
rElec    .         Reflect  .   (no ring)
rCorr    .         Harm     .   (no ring)
MR       .....                  (no ring)
Stlth    ++++......             (no ring)
HPRegen  0.09/turn              (no ring)
MPRegen  0.09/turn              (no ring)
                                (no ring)
                                (no ring)

@: constricted
A: almost no armour, stealthy swim, amphibious, 8 rings, constrict 8, camouflage
1, gelatinous body 1
a: no special abilities


You were on level 3 of the Dungeon.
You were hungry.

You visited 1 branch of the dungeon, and saw 3 of its levels.

You collected 45 gold pieces.

Inventory:

Hand Weapons
 a - a +2 dagger (weapon)
 b - a +0 blowgun
Missiles
 c - 8 poisoned needles
 d - 2 curare-tipped needles
Jewellery
 e - a +3 ring of intelligence {unknown}
Scrolls
 h - 2 scrolls of random uselessness {unknown}
 i - 3 scrolls of teleportation {unknown}
 j - a scroll of immolation {unknown}
 k - a scroll of magic mapping {unknown}
Potions
 g - a potion of magic {unknown}
Comestibles
 f - 8 rations


   Skills:
 - Level 2.0 Fighting
 - Level 2.0 Short Blades
 - Level 2.0 Throwing
 + Level 3.7 Dodging
 - Level 5.3 Stealth


You had 3 spell levels left.
You didn't know any spells.
Your spell library was empty.

Dungeon Overview and Level Annotations

Branches:
Dungeon (3/15)

Altars:

Portals:
Sewer: D:3


Innate Abilities, Weirdness & Mutations

You cannot wear most types of armour.
You are very stealthy in the water. (Stealth+)
You are amphibious.
You can wear up to eight rings at the same time.
You can use your tentacles to constrict eight enemies at once.
Your skin changes colour to match your surroundings (Stealth+).
Your rubbery body absorbs attacks. (AC +1, EV +1)


Message History

The ball python barely misses you. The ball python grabs you.
* * * LOW HITPOINT WARNING * * *
The ball python constricts you. The orc hits you but does no damage.
You escape the ball python's grasp.
A bat comes into view.
The ball python bites you.
* * * LOW HITPOINT WARNING * * *
The ball python grabs you.
* * * LOW HITPOINT WARNING * * *
The ball python constricts you.
The bat moves out of view.
Found an escape hatch in the floor.
You escape the ball python's grasp.
A bat comes into view.
An orc comes into view. It is wielding a flail.
There is a glowing drain here.
The ball python barely misses you. The ball python grabs you.
You stop ascending the stairs.
* * * LOW HITPOINT WARNING * * *
The ball python constricts you. The ball python bites you.
You die...

.....#........ ##### ..#
######........
.....##.#### #...)[...
...........## ##........
..>..#..!#..###..<......
.b...≈≈≈≈≈...##.#.....##
...#≈≈≈≈≈≈≈#.#..........
....≈≈≈≈o≈≈≈.#..####..##
o...≈≈≈@So≈.....# #..#
....≈≈≈≈≈≈≈.....# #..#
...#≈≈≈≈≈≈≈#....# #..#
.....≈≈w≈≈.[...........
##..#..≈#..#..........
##..$....##.....##+#
####.#####..#### #.#
#..#


You could see a worm, 3 orcs and a ball python.

Vanquished Creatures
  An adder (D:2)
  A dart slug (D:2)
  2 leopard geckos
  3 orcs (D:3)
  A giant cockroach (D:1)
  4 hobgoblins
  2 jackals (D:1)
  A quokka (D:2)
  A ball python (D:1)
  6 bats
  2 frilled lizards (D:1)
  3 goblins (D:1)
  10 kobolds
  7 rats
44 creatures vanquished.

Notes
Turn   | Place    | Note
-------+----------+-------------------------------------------
     0 | D:1      | Korosensei the Octopode Assassin began the quest for the
                  | Orb.
     0 | D:1      | Reached XP level 1. HP: 14/14 MP: 1/1
   145 | D:1      | Reached XP level 2. HP: 15/19 MP: 2/2
   636 | D:2      | Reached XP level 3. HP: 24/24 MP: 3/3
  1163 | D:3      | Found a glowing drain.
  1165 | D:3      | Reached XP level 4. HP: 5/29 MP: 4/4
  1172 | D:3      | HP: 1/29 [ball python (1)]
  1172 | D:3      | Slain by a ball python

Skill      XL: |  1  2  3 |
---------------+----------+-----
Dodging        | 2 3 |  3.7
Fighting       | |  2.0
Short Blades   | |  2.0
Throwing       | |  2.0
Stealth        | |  5.3

Action                   |  1- 3 |  4- 6 || total
-------------------------+-------+-------++-------
Melee: Dagger            |    87 |       ||    87
       Constrict         |    20 |       ||    20
       Tentacles         |     7 |       ||     7
 Stab: Sleeping          |    13 |       ||    13
Armor: Skin              |     2 |     1 ||     3
Dodge: Dodged            |    50 |     2 ||    52
